 Dungeon Crawl Stone Soup version 0.31.0-9-g3a7656b989 (webtiles) character file.

Game seed: 17540359020061839400

528 nightchill the Trooper (level 7, 0/60 HPs)
             Began as an Armataur Fighter on Jan 24, 2024.
             Slain by a gnoll
             ... wielding a +0 club
             ... led by a gnoll bouda
              (7 damage)
             ... on level 5 of the Dungeon.
             The game lasted 00:06:37 (3481 turns).

nightchill the Trooper (Armataur Fighter)           Turns: 3481, Time: 00:06:38

Health: 0/60       AC:  8    Str: 24    XL:     7   Next: 3%
Magic:  16/16      EV:  6    Int:  8    God:
Gold:   226        SH:  4    Dex:  9    Spells: 6/6 levels left

rFire   + . .        q - +3 trident of Eternal Vigilance {freeze, rPois rF+ rC++ Stlth+}
rCold   + + .        c - +0 buckler
rNeg    . . .        v - +0 chain mail
rPois   +            (no helmet)
rElec   .            (no cloak)
rCorr   .            (no gloves)
SInv    .            (no barding)
Will    .....        (no amulet) Stlth
                     h - ring of magical power
HPRegen 0.30/turn    l - ring of poison resistance
MPRegen 0.15/turn

%: roll
@: weakened
A: large, deformed body, tough skin 3, armoured tail, roll 2
a: no special abilities


You were on level 5 of the Dungeon.
You visited 1 branch of the dungeon, and saw 5 of its levels.

You collected 226 gold pieces.

Inventory:

Hand Weapons
 a - a +0 flail
 q - the +3 trident of Eternal Vigilance (weapon) {freeze, rPois rF+ rC++ Stlth+}
   (You found it on level 3 of the Dungeon)

   rF+:       It protects you from fire.
   rC++:      It greatly protects you from cold.
   rPois:     It protects you from poison Stlth+: It makes you more stealthy.
 z - a +0 antimagic sling
Missiles
 r - 6 javelins (quivered)
Armour
 b - a +0 scale mail
 c - a +0 buckler (worn)
 v - a +0 chain mail (worn)
Jewellery
 h - a ring of magical power (left hand)
 l - a ring of poison resistance (right hand)
Wands
 n - a wand of roots (7)
Scrolls
 e - a scroll of revelation {unknown}
 f - 4 scrolls of teleportation {unknown}
 g - 5 scrolls of identify {unknown}
 j - a scroll of immolation {unknown}
 s - a scroll of noise {unknown}
 w - a scroll of fear {unknown}
 y - a scroll of torment {unknown}
Potions
 d - 2 potions of might
 i - a potion of haste {unknown}
 k - 2 potions of resistance {unknown}
 m - a potion of lignification {unknown}
 o - a potion of curing {unknown}
 p - a potion of brilliance {unknown}
 t - a potion of berserk rage {unknown}
 u - a potion of enlightenment {unknown}
 x - a potion of heal wounds {unknown}


   Skills:
 + Level 4.7 Fighting
 - Level 4.1 Maces & Flails
 * Level 3.4 Polearms
 - Level 3.6 Armour
 - Level 3.2 Shields


You had 6 spell levels left.
You didn't know any spells.
Your spell library contained the following spells:

 Spells                   Type           Power      Damage    Failure   Level
 Sting                    Conj/Alch      0%         1d3       96%         1
 Mercury Vapours          Alch/Air       0%         N/A       99%         2
 Tukima's Dance           Hex            0%         N/A       100%        3
 Dimensional Bullseye     Hex/Tloc       0%         N/A       100%        4
 Iskenderun's Mystic Bla  Conj/Tloc      0%         2d3       100%        4
 Olgreb's Toxic Radiance  Alch           0%         N/A       100%        4
 Summon Blazeheart Golem  Fire/Summ      0%         N/A       100%        4
 Orb of Destruction       Conj           0%         9d5       100%        7
 Spellforged Servitor     Conj/Summ      0%         N/A       100%        7


Dungeon Overview and Level Annotations

Branches:
Dungeon (5/15)
 Temple: D:4-7

Altars:


Innate Abilities, Weirdness & Mutations

Armour fits poorly on your strangely shaped body.
You have extremely tough skin. (AC +3)
You have a long armoured tail.
You regenerate magic and health when rolling toward enemies. (Rampage Regen)


Message History

The adder bites you but does no damage. The gnoll hits you with a +0 club.
The gnoll bouda hits you with a +0 club.
You have reached level 7!
You begin to regenerate health when rolling toward enemies.
You hit the adder. You freeze the adder.
Your tail-slap misses the adder.
The adder is moderately wounded.
You block the adder's attack. The gnoll barely misses you.
The gnoll bouda hits you with a +0 club.
The adder bites you but does no damage. You block the gnoll's attack.
The gnoll bouda hits you but does no damage.
You barely miss the adder.
The adder is moderately wounded.
The adder barely misses you. The gnoll hits you with a +0 club!
* * * LOW HITPOINT WARNING * * *
The gnoll bouda closely misses you. The adder closely misses you.
You puncture the adder!
The adder seems to slow down.
You freeze the adder.
You kill the adder!
The gnoll hits you with a +0 club.
* * * LOW HITPOINT WARNING * * *
The gnoll bouda hits you with a +0 club!
* * * LOW HITPOINT WARNING * * *
You closely miss the gnoll bouda.
The gnoll is no longer moving quickly.
The gnoll hits you with a +0 club!
* * * LOW HITPOINT WARNING * * *
You block the gnoll bouda's attack.
You barely miss the gnoll bouda. The gnoll hits you with a +0 club.
* * * LOW HITPOINT WARNING * * *
The gnoll bouda barks out a call to the hunt!
The gnoll picks up the pace!
You hit the gnoll bouda but do no damage.
Your tail-slap misses the gnoll bouda.
The gnoll barely misses you.
The gnoll bouda gazes fiercely through you!
You feel your attacks grow feeble. The gnoll bouda completely misses you.
Unknown command.
You hit the gnoll bouda. You freeze the gnoll bouda.
You tail-slap the gnoll bouda, but do no damage.
The gnoll bouda is lightly wounded.
The gnoll hits you with a +0 club!
You die...

...#..>.
......##.. #
..........
#.##........
###.#.....#.#
.........#..##
#....).....#
#........#
##..g@...#
#..g<†.##
....).....#
...........#
...........<.
.......####.##
....... ##
....#..
##..##g


You could see a gnoll bouda and a gnoll (swift).

Vanquished Creatures
  An ice beast (D:4)
  An ogre (D:5)
  A hound (D:4)
  2 orc wizards (D:4)
  7 gnolls
  11 adders
  3 dart slugs (D:1)
  2 ribbon worms
  6 orcs
  14 endoplasms
  3 giant cockroaches
  7 goblins
  7 hobgoblins
  4 jackals (D:1)
  7 kobolds
  2 quokkas
  4 ball pythons
  5 bats
  9 frilled lizards
  5 rats
101 creatures vanquished.

Notes
Turn   | Place    | Note
-------+----------+-------------------------------------------
     0 | D:1      | nightchill the Armataur Fighter began the quest for the
                  | Orb.
     0 | D:1      | Reached XP level 1. HP: 18/18 MP: 1/1
    89 | D:1      | Reached XP level 2. HP: 18/25 MP: 2/2
   579 | D:1      | Reached XP level 3. HP: 28/31 MP: 3/3
  1247 | D:2      | Reached XP level 4. HP: 36/38 MP: 4/4
  1463 | D:2      | Reached XP level 5. HP: 46/46 MP: 5/5
  1908 | D:3      | Identified the +3 trident of Eternal Vigilance {freeze,
                  | rPois rF+ rC++ Stlth+}
  2272 | D:3      | Found a faded altar of an unknown god.
  2837 | D:4      | Reached skill level 1 in Polearms
  3018 | D:4      | Reached XP level 6. HP: 49/52 MP: 6/6
  3079 | D:4      | Noticed an ice beast
  3089 | D:4      | Killed an ice beast
  3188 | D:4      | Identified the +5 dagger "Hotrim" {flame, rN+}
  3462 | D:5      | Entered Level 5 of the Dungeon
  3475 | D:5      | Gained mutation: You regenerate magic and health when
                  | rolling toward enemies. (Rampage Regen) [Armataur growth]
  3475 | D:5      | Reached XP level 7. HP: 35/60 MP: 7/7
  3481 | D:5      | Slain by a gnoll

Illustrated notes

Levels and vault maps discovered:
D:1:      dpeg_arrival_round_b, layout_loops_cross, minmay_misc_feat_five,
          corexii_item_surrounded_by_moat, minmay_misc_feat_diagonals,
          minmay_pentomino_w4
D:2:      layout_basic, minmay_three_crescents
D:3:      layout_basic, hellmonk_ecumenical_altar_run_dry
D:4:      layout_loops_ring
D:5:      layout_cave_pools, mainiacjoe_overflow_six_doors_small,
          minmay_temple_entry_nine_rooms

Skill      XL: |  1  2  3  4  5  6 |
---------------+-------------------+-----
Maces & Flails | 2 3 4 |  4.1
Fighting       | 3 4 |  4.7
Polearms       | 2 3 |  3.4
Armour         | |  3.6
Shields        | |  3.2

Action                     |  1- 3 |  4- 6 |  7- 9 || total
---------------------------+-------+-------+-------++-------
  Melee: Flail             |    95 |    58 |       ||   153
         Tailslap          |     6 |     9 |     1 ||    16
         Trident           |       |   119 |     7 ||   126
 Armour: Scale mail        |    63 |    61 |       ||   124
         Chain mail        |       |    73 |     9 ||    82
  Dodge: Dodged            |    44 |    48 |     6 ||    98
  Block: Buckler           |    27 |    33 |     3 ||    63
